 Dungeon Crawl Stone Soup version 0.32-a0-768-g0f6f1dd4b9 (webtiles) character file.

Game seed: 18279972410729858331

492 Doorstop00 the Chopper (level 6, -1/56 HPs)
             Began as a Minotaur Berserker on Mar 18, 2024.
             Was a Believer of Trog.
             Slain by an orc
             ... wielding a +0 war axe
              (4 damage)
             ... on level 5 of the Dungeon.
             The game lasted 00:12:50 (3722 turns).

Doorstop00 the Chopper (Minotaur Berserker)         Turns: 3722, Time: 00:12:50

Health: -1/56      AC: 12    Str: 23    XL:     6   Next: 91%
Magic:  5/5        EV:  8    Int:  4    God:    Trog [**....]
Gold:   155        SH:  0    Dex: 10    Spells: 5/5 levels left

rFire   . . .        a - +0 hand axe
rCold   . . .        (no shield)
rNeg    + . .        d - +0 chain mail
rPois   +            (helmet restricted)
rElec   .            t - +0 cloak
rCorr   .            (no gloves)
SInv    .            c - +0 pair of boots
Will    .....        (no amulet) Stlth
                     s - ring of poison resistance
HPRegen 0.29/turn    g - ring of positive energy
MPRegen 0.09/turn

%: no passive effects
@: on berserk cooldown, slowed, very slow
A: horns 2, retaliatory headbutt
a: Renounce Religion, Berserk, Trog's Hand


You were on level 5 of the Dungeon.
You worshipped Trog.
Trog was pleased with you.
You visited 1 branch of the dungeon, and saw 5 of its levels.

You collected 188 gold pieces.
You spent 33 gold pieces at shops.

Inventory:

Hand Weapons
 a - a +0 hand axe (weapon)
Armour
 c - a +0 pair of boots (worn)
 d - a +0 chain mail (worn)
 t - a +0 cloak (worn)
Jewellery
 b - a +6 ring of dexterity
 g - a ring of positive energy (right hand)
 q - an amulet of magic regeneration
 s - a ring of poison resistance (left hand)
Wands
 o - a wand of warping (5)
 r - a wand of mindburst (13)
Scrolls
 e - 3 scrolls of poison
 h - a scroll of butterflies {unknown}
 i - a scroll of blinking {unknown}
 l - a scroll of identify
 m - 2 scrolls of teleportation
 n - a scroll of immolation
 p - a scroll of silence {unknown}
Potions
 f - 4 potions of curing
 j - 3 potions of heal wounds
 k - a potion of degeneration {unknown}


   Skills:
 * Level 5.3 Fighting
 * Level 5.8(6.1) Axes
 * Level 2.6(4.5) Maces & Flails
 * Level 5.1 Armour
 * Level 3.5 Dodging


You had 5 spell levels left.
You didn't know any spells.
Your spell library was empty.

Dungeon Overview and Level Annotations

Branches:
Dungeon (5/15)             Temple (0/1) D:5

Altars:

Shops:
D:2 !   D:3 *


Innate Abilities, Weirdness & Mutations

You have a pair of horns on your head.
You reflexively headbutt those who attack you in melee.


Message History

You hit something. Trog accepts your kill.
Trog appreciates your killing of a magic user.
Reactivating autopickup.
You feel a bit more experienced.
You hear a shout!
You slash the orc!
You kill the orc!
Trog accepts your kill.
You are no longer berserk.
You are exhausted.
You feel yourself slow down. The orc hits you but does no damage.
Items here: )) [ †.
You barely miss the orc. You headbutt the orc.
The orc is lightly wounded.
You hit the orc but do no damage. The orc hits you but does no damage. x2
You hit the orc but do no damage.
The orc is lightly wounded.
You closely miss the orc. The orc closely misses you. x2
The orc hits you but does no damage. x2
You slash the orc!
You kill the orc!
Trog accepts your kill.
You hit the orc but do no damage. The orc hits you but does no damage.
The orc hits you but does no damage.
Things that are here:
a +0 mace; a +0 trident; a +0 leather armour You barely miss the orc.
You headbutt the orc, but do no damage. The orc hits you with a +0 war axe.
* * * LOW HITPOINT WARNING * * *
You hit the orc. Your headbutt misses the orc.
The orc is almost dead.
The orc hits you with a +0 war axe.
* * * LOW HITPOINT WARNING * * *
The orc hits you with a +0 war axe!
* * * LOW HITPOINT WARNING * * *
You hit the orc but do no damage. You headbutt the orc, but do no damage.
The orc is almost dead.
The orc hits you with a +0 war axe.
You die...

##.#.# #.⌠.# #..
..#.###...#### #..
.o#####.#..........# #..
o.o.s...##.⌠..>..⌠.###..
#..................
.######.#####...###.....
.......)# #.⌠.# ####.#
#######o# #...# #....#
#@# ###..#####.# #.#
##.# #.# #[# #.# #.# #.#
#.# #.# #.# #.# #.# #.#
#.# ##.# #.# ##..#


You could see an orc.

Vanquished Creatures
  A scorpion (D:5)
  A howler monkey (D:4)
  A bombardier beetle (D:4)
  3 orc priests
  2 hounds
  An iguana (D:4)
  Terence (D:2)
  An orc wizard (D:5)
  2 gnolls (D:1)
  4 adders
  2 dart slugs
  A ribbon worm (D:3)
  9 orcs
  6 ball pythons
  11 endoplasms
  3 giant cockroaches
  8 goblins
  6 hobgoblins
  2 quokkas (D:1)
  2 bats
  6 frilled lizards
  7 kobolds
  2 rats
82 creatures vanquished.

Notes
Turn   | Place    | Note
-------+----------+-------------------------------------------
     0 | D:1      | Doorstop00 the Minotaur Berserker began the quest for the
                  | Orb.
     0 | D:1      | Reached XP level 1. HP: 19/19 MP: 0/0
   176 | D:1      | Reached XP level 2. HP: 27/27 MP: 1/1
   433 | D:1      | Reached XP level 3. HP: 15/33 MP: 2/2
   438 | D:1      | Reached skill level 1 in Maces & Flails
   911 | D:2      | Noticed Terence
   918 | D:2      | Killed Terence
   919 | D:2      | Reached XP level 4. HP: 41/41 MP: 3/3
   958 | D:2      | Found Usooph's Distillery.
   983 | D:2      | Bought a potion of curing for 33 gold pieces
  1132 | D:2      | Reached ** piety under Trog
  1260 | D:2      | Found a faded altar of an unknown god.
  1716 | D:3      | You fall into a shaft and drop 2 floors!
  1716 | D:5      | Entered Level 5 of the Dungeon
  1904 | D:3      | Found Hoengo's General Store.
  2138 | D:3      | Reached XP level 5. HP: 22/47 MP: 4/4
  2670 | D:4      | Reached skill level 5 in Axes
  2764 | D:4      | Reached skill level 5 in Fighting
  2764 | D:4      | Reached XP level 6. HP: 20/56 MP: 5/5
  3659 | D:5      | Found a staircase to the Ecumenical Temple.
  3709 | D:5      | Reached skill level 5 in Armour
  3722 | D:5      | Slain by an orc

Illustrated notes

Levels and vault maps discovered:
D:1:      dpeg_arrival_round_a, layout_basic, minmay_distorted
D:2:      layout_loops_cross, shapermc_ecumenical_altar_mp_highgroup,
          serial_shops, shop, minmay_misc_feat_room, uniq_terence
D:3:      layout_loops_ring, serial_shops, shop, grunt_ministairs_3
D:4:      kennysheep_six_static_rooms, layout_layer_cave
D:5:      layout_loops_ring, chequers_temple_overflow_statue_of_worship,
          minmay_temple_entry_junction, nicolae_the_louvre

Skill      XL: |  1  2  3  4  5  6 |
---------------+-------------------+-----
Axes           | 4 5 |  5.8
Fighting       | 4 5 |  5.3
Maces & Flails | 1 2 |  2.6
Armour         | 3 4 5 |  5.1
Dodging        | 3 |  3.5

Action                     |  1- 3 |  4- 6 || total
---------------------------+-------+-------++-------
  Melee: Hand axe          |    58 |   140 ||   198
         Headbutt          |     8 |    34 ||    42
 Invoke: Berserk           |     1 |     1 ||     2
    Use: Scroll            |     5 |     1 ||     6
         Potion            |       |     2 ||     2
 Armour: Ring mail         |    39 |       ||    39
         Animal skin       |     3 |       ||     3
         Chain mail        |       |   104 ||   104
  Dodge: Dodged            |    34 |    61 ||    95

Table legend: (Time is in decaauts)
 A = Elapsed time spent in this place.
 B = Non-inter-level travel time spent in this place.
 C = Inter-level travel time spent in this place.
 D = Time resting spent in this place.
 E = Time spent auto-exploring this place.
 F = Levels seen in this place.
 G = Mean time per level.
                   A        B        C        D        E       F      G
               +--------+--------+--------+--------+--------+-----+--------+
         Total |   3736 |   3701 |     35 |    304 |   2277 |   5 |  747.2 |
       Dungeon |   3736 |   3701 |     35 |    304 |   2277 |   5 |  747.2 |
               +--------+--------+--------+--------+--------+-----+--------+

Top non-repeatable levels by time:
     D:4: 1159 daAuts
     D:1: 850 daAuts
     D:3: 827 daAuts
     D:2: 759 daAuts
     D:5: 138 daAuts
